AoeStats
← 他并不是一个笨比

Four Lakes

503118002Analyzed
4v4 RM · 1mo ago on Aug 30, 2026· 51m 6s· 8 players
Game mode
Random Map
Map size
Large (8 player)
Population
200
Speed
Normal
Resources
Standard
Victory
Conquest
Starting age
Dark Age
Ending age
Imperial Age
RankedLock teamsTeams togetherTeam positionsShared explorationLock speedFull tech treeHidden civsTurbo modeCheats
Victory
Defeat
1239
+13
🇦🇹 Mongols · Austria
1226
+14
🇨🇿 Vikings · Czechia
1224
+14
🇸🇪 Byzantines · Sweden
1133
+18
🇨🇳 Japanese · China
1220
-17
🇨🇳 Persians · China
1218
-17
🇬🇧 Franks · United Kingdom
1160
-14
🇩🇪 Chinese · Germany
1131
-13
系色望
10:40 Feudal Age
15:06 Castle Age
16:58 Husbandry
20:26 Bloodlines
23:32 Scale Barding Armor
24:36 Forging
28:58 Chain Barding Armor
32:05 Iron Casting
35:56 Double-Bit Axe
35:57 Horse Collar
39:29 Imperial Age
37:31 Bow Saw
37:52 Gold Mining
38:24 Heavy Plow
42:41 Cavalier
44:06 Heavy Plow
45:04 Conscription
47:04 Plate Barding Armor
48:16 Crop Rotation
King LePrawn James
0:38 Loom
12:05 Feudal Age
12:11 Feudal Age
16:42 Castle Age
16:21 Double-Bit Axe
16:28 Gold Mining
16:30 Stone Mining
29:43 Imperial Age
27:26 Forging
27:08 Fletching
28:01 Bodkin Arrow
28:07 Padded Archer Armor
29:23 Wheelbarrow
29:18 Ballistics
29:59 Leather Archer Armor
29:53 Elite Chu Ko Nu
31:39 Chemistry
31:13 Ring Archer Armor
31:12 Bracer
31:55 Conscription
33:29 Thumb Ring
34:22 Squires
44:11 Town Watch
46:09 Forging
46:05 Scale Barding Armor
大牛魔
9:17 Loom
11:17 Feudal Age
16:04 Castle Age
14:48 Gold Mining
15:47 Fletching
16:32 Crossbowman
18:45 Bodkin Arrow
20:21 Double-Bit Axe
25:01 Thumb Ring
26:12 Ballistics
28:53 Padded Archer Armor
35:53 Imperial Age
34:12 Wheelbarrow
35:56 Gold Shaft Mining
35:56 Arbalester
37:44 Chemistry
37:12 Horse Collar
38:04 Bracer
40:32 Hand Cart
49:01 Leather Archer Armor
48:08 Elite Skirmisher
50:20 Ring Archer Armor
K
12:06 Feudal Age
17:43 Castle Age
21:44 Double-Bit Axe
23:11 Loom
24:38 Wheelbarrow
23:59 Stone Mining
29:00 Fletching
29:37 Elite Skirmisher
36:15 Bodkin Arrow
37:40 Gold Mining
38:06 Town Watch
41:00 Hand Cart
44:34 Forging
46:58 Iron Casting
46:23 Scale Mail Armor
46:31 Squires
46:16 Gambesons
45:52 Pikeman
46:18 Arson
_Shev_777__
7:40 Loom
10:02 Feudal Age
13:52 Double-Bit Axe
13:50 Horse Collar
16:49 Wheelbarrow
16:56 Bloodlines
20:58 Castle Age
19:38 Scale Barding Armor
19:46 Forging
21:04 Light Cavalry
22:27 Chain Barding Armor
22:51 Iron Casting
35:44 Bow Saw
36:49 Fishing Lines
42:14 Town Watch
46:42 Husbandry
48:46 Hand Cart
Gyllnyllet
9:50 Loom
11:46 Feudal Age
12:52 Double-Bit Axe
15:56 Horse Collar
18:31 Castle Age
19:48 Bow Saw
20:43 Fishing Lines
22:55 Heavy Plow
23:35 Husbandry
24:49 Wheelbarrow
25:09 Fletching
25:35 Forging
25:30 Scale Barding Armor
26:49 Hand Cart
26:29 Elite Skirmisher
27:15 Thumb Ring
27:21 Stone Mining
27:22 Gold Mining
27:20 Pikeman
29:08 Gold Shaft Mining
29:08 Stone Shaft Mining
33:27 Imperial Age
31:42 Squires
32:32 Iron Casting
31:58 Scale Mail Armor
33:18 Bodkin Arrow
34:29 Conscription
35:23 Bracer
35:24 Padded Archer Armor
37:35 Leather Archer Armor
38:56 Conscription
39:19 Ring Archer Armor
39:11 Chain Barding Armor
42:48 Elite Cataphract
43:40 Logistica
44:19 Plate Barding Armor
44:37 Crop Rotation
45:45 Chemistry
45:06 Ballistics
51:28 Two-Man Saw
他并不是一个笨比
11:04 Feudal Age
11:44 Loom
11:55 Double-Bit Axe
14:42 Scale Barding Armor
16:37 Bloodlines
16:23 Horse Collar
22:00 Castle Age
22:49 Husbandry
22:09 Light Cavalry
23:06 Fletching
23:16 Padded Archer Armor
23:45 Bow Saw
24:41 Thumb Ring
26:03 Bodkin Arrow
27:03 Wheelbarrow
28:24 Stone Mining
28:27 Gold Mining
30:57 Leather Archer Armor
33:03 Ballistics
33:29 Hand Cart
34:11 Chain Barding Armor
36:45 Imperial Age
36:25 Heavy Plow
37:56 Chain Barding Armor
38:07 Ring Archer Armor
37:38 Bracer
37:28 Hussar
40:28 Conscription
40:02 Heavy Cavalry Archer
41:07 Parthian Tactics
42:06 Plate Barding Armor
43:34 Recurve Bow
Peto9
10:00 Loom
12:13 Feudal Age
16:17 Castle Age
14:29 Double-Bit Axe
17:31 Bow Saw
17:09 Horse Collar
18:29 Heavy Plow
18:13 Fishing Lines
22:14 Gold Mining
22:39 Squires
23:28 Stone Mining
25:12 Scale Mail Armor
27:11 Gold Shaft Mining
27:29 Chain Mail Armor
30:37 Imperial Age
28:26 Forging
29:01 Arson
29:44 Town Watch
31:01 Fletching
32:05 Plate Mail Armor
32:45 Conscription
33:12 Chieftains
33:58 Elite Berserk
36:27 Treadmill Crane
36:59 Masonry
37:11 Ballistics
38:06 Iron Casting
37:26 Bodkin Arrow
37:42 Gambesons
40:01 Blast Furnace
43:08 Gillnets
45:00 Hoardings
44:48 Bracer
44:49 Padded Archer Armor
45:51 Chemistry
45:32 Siege Engineers
45:58 Architecture
45:10 Crossbowman
45:11 Elite Skirmisher
46:42 Leather Archer Armor
48:43 Ring Archer Armor
Connection lost

Rejoining the realm…

Still unreachable

The connection could not be restored.

Session expired

The server has moved on; the page needs a fresh start.